AoeStats
← Malelf

Arabia

509380767Analyzed
1v1 RM · 4d ago on Sep 26, 2026· 40m 17s· 2 players
Game mode
Random Map
Map size
Tiny (2 player)
Population
200
Speed
Normal
Resources
Standard
Victory
Conquest
Starting age
Dark Age
Ending age
Imperial Age
RankedLock teamsTeams togetherTeam positionsShared explorationLock speedFull tech treeHidden civsTurbo modeCheats
Victory
Defeat
🇸🇪 Georgians · Sweden
1763
+15
🇮🇹 Huns · Italy
1742
-15
Malelf
6:24 Loom
8:52 Feudal Age
9:21 Double-Bit Axe
9:36 Horse Collar
15:21 Forging
20:16 Castle Age
18:26 Gold Mining
20:10 Fletching
20:59 Bloodlines
21:20 Bow Saw
21:10 Bodkin Arrow
22:04 Wheelbarrow
21:31 Padded Archer Armor
21:39 Husbandry
23:34 Padded Archer Armor
27:33 Ballistics
28:17 Scale Barding Armor
28:28 Leather Archer Armor
34:30 Heavy Plow
38:03 Imperial Age
40:04 Two-Man Saw
40:06 Chain Barding Armor
40:22 Iron Casting
Joaacim
6:17 Loom
8:47 Feudal Age
9:24 Double-Bit Axe
9:23 Horse Collar
15:47 Wheelbarrow
20:14 Castle Age
18:23 Gold Mining
19:55 Fletching
20:21 Crossbowman
21:11 Bodkin Arrow
22:31 Bow Saw
23:40 Town Watch
24:10 Padded Archer Armor
28:09 Ballistics
28:44 Leather Archer Armor
32:08 Elite Skirmisher
33:21 Hand Cart
39:22 Forging
40:36 Scale Barding Armor
Connection lost

Rejoining the realm…

Still unreachable

The connection could not be restored.

Session expired

The server has moved on; the page needs a fresh start.